 Dungeon Crawl Stone Soup version 0.23.2-1-ga50397a (webtiles) character file.

Game seed: 897694928324357946

298 flogoulette the Magician (level 6, 0/44 HPs)
             Began as a Mummy Fire Elementalist on May 22, 2019.
             Slain by a phantom (7 damage)
             ... on level 4 of the Dungeon.
             The game lasted 00:08:30 (3539 turns).

flogoulette the Magician (Mummy Fire Elementalist)  Turns: 3539, Time: 00:08:31

Health: 0/44       AC:  2    Str: 14    XL:     6   Next: 13%
Magic:  2/12       EV: 12    Int: 16    God:
Gold:   210        SH:  0    Dex: 12    Spells: 7/13 levels left

rFire    x . .     SeeInvis .   b - +2 hand axe (venom)
rCold    + . .     Gourm    .   (no shield)
rNeg     + + +     Faith    .   a - +0 robe
rPois    ∞         Spirit   .   (no helmet)
rElec    .         Reflect  .   (no cloak)
rCorr    .         Harm     .   (no gloves)
MR       .....                  (no boots)
Stlth    ++........             (no amulet)
HPRegen  0.14/turn              k - +2 ring of strength
MPRegen  0.13/turn              (no ring)

@: no status effects
A: no food or potions, fire vulnerability, cold resistance 1, negative energy
resistance 3, torment resistance, unbreathing
a: no special abilities


You were on level 4 of the Dungeon.
You were not hungry.

You visited 1 branch of the dungeon, and saw 4 of its levels.

You collected 210 gold pieces.

Inventory:

Hand Weapons
 b - a +2 hand axe of venom (weapon)
Missiles
 h - 5 javelins (quivered)
Armour
 a - a +0 robe (worn)
Jewellery
 k - a +2 ring of strength (left hand)
Wands
 l - a wand of flame (5)
Scrolls
 c - 2 scrolls of remove curse {unknown}
 d - a scroll of enchant armour {unknown}
 e - 2 scrolls of blinking {unknown}
 f - a scroll of fog {unknown}
 g - 2 scrolls of amnesia {unknown}
 i - 5 scrolls of identify {unknown}
 j - a scroll of teleportation {unknown}


   Skills:
 + Level 2.0 Fighting
 - Level 2.0 Dodging
 - Level 1.5 Stealth
 + Level 4.0 Spellcasting
 * Level 2.6 Conjurations
 * Level 3.8 Fire Magic


You had 7 spell levels left.
You knew the following spells:

 Your Spells              Type           Power        Failure   Level  Hunger
a - Flame Tongue          Conj/Fire      ##...        4%          1    N/A
e - Throw Flame           Conj/Fire      ##....       7%          2    N/A
r - Conjure Flame         Conj/Fire      ##......     13%         3    N/A

Your spell library contained the following spells:

 Spells                   Type           Power        Failure   Level  Hunger
 Inner Flame              Hex/Fire       #.......     22%         3    N/A
 Sticky Flame             Conj/Fire      ##......     41%         4    N/A
 Fireball                 Conj/Fire      ##........   77%         5    N/A

Dungeon Overview and Level Annotations

Branches:
Dungeon (4/15)
 Temple: D:4-7

Altars:


Innate Abilities, Weirdness & Mutations

You do not eat or drink.
Your flesh is vulnerable to fire.
You are immune to poison.
Your flesh is cold resistant. (rC+)
You are immune to negative energy. (rN+++)
You are immune to unholy pain and torment.
You can survive without breathing.


Message History

The phantom is severely damaged.
The phantom hits you.
* * * LOW HITPOINT WARNING * * *
Casting: Flame Tongue (safe; 4% risk of failure)
Confirm with . or Enter, or press ? or * to list all spells.
Aiming: Flame Tongue (safe; 4% risk of failure)
Press: ? - help, Shift-Dir - straight line, f/p - phantom
Aim: a phantom (severely damaged)
The flame tongue hits the phantom.
The phantom is almost destroyed.
The phantom blinks!
You start resting.
The phantom is too close now for your liking.
Casting: Flame Tongue (safe; 4% risk of failure)
Confirm with . or Enter, or press ? or * to list all spells.
Aiming: Flame Tongue (safe; 4% risk of failure)
Press: ? - help, Shift-Dir - straight line, f/p - phantom
Aim: a phantom (almost destroyed)
The flame tongue misses the phantom.
The phantom hits you!
You die... .. .# ## .# #. .. #. .# #. .# #.#.# #.@.# #W### #. #. .. #. #. #.

You could see a phantom.

Vanquished Creatures
  Purgy (D:3)
  Jessica (D:2)
  3 gnolls (D:3)
  6 adders
  3 worms
  2 dart slugs
  3 leopard geckos
  2 giant cockroaches
  8 goblins
  6 hobgoblins
  11 jackals
  10 kobolds
  A quokka (D:2)
  A ball python (D:3)
  10 bats
  6 frilled lizards
  9 rats
83 creatures vanquished.

Notes
Turn   | Place    | Note
-------+----------+-------------------------------------------
     0 | D:1      | flogoulette the Mummy Fire Elementalist began the quest for
                  | the Orb.
     0 | D:1      | Reached XP level 1. HP: 13/13 MP: 4/4
   396 | D:1      | Reached skill level 3 in Spellcasting
   403 | D:1      | Reached XP level 2. HP: 9/19 MP: 1/6
   416 | D:1      | Reached skill level 1 in Conjurations
  1059 | D:2      | Reached XP level 3. HP: 25/25 MP: 7/7
  1811 | D:1      | Reached XP level 4. HP: 13/31 MP: 0/8
  1994 | D:1      | Reached skill level 1 in Fighting
  2084 | D:2      | Learned a level 2 spell: Throw Flame
  2088 | D:2      | Learned a level 3 spell: Conjure Flame
  2245 | D:2      | Noticed Jessica
  2258 | D:2      | Killed Jessica
  2433 | D:2      | Reached XP level 5. HP: 36/37 MP: 4/10
  2777 | D:3      | Noticed Purgy
  2789 | D:3      | Killed Purgy
  2811 | D:3      | Reached skill level 4 in Spellcasting
  2974 | D:3      | Reached XP level 6. HP: 44/44 MP: 6/12
  3539 | D:4      | Slain by a phantom

Skill      XL: |  1  2  3  4  5 |
---------------+----------------+-----
Spellcasting   | 3 4 |  4.0
Conjurations   | 1 2 |  2.6
Fire Magic     | 3 |  3.8
Dodging        | 2 |  2.0
Fighting       | 1 2 |  2.0
Stealth        | |  1.5

Action                   |  1- 3 |  4- 6 || total
-------------------------+-------+-------++-------
Melee: Hand axe          |    36 |    33 ||    69
       Unarmed           |     8 |       ||     8
 Cast: Flame Tongue      |    61 |    62 ||   123
       Throw Flame       |       |    18 ||    18
       Conjure Flame     |       |     2 ||     2
 Stab: Sleeping          |     2 |       ||     2
Armor: Robe              |    30 |     8 ||    38
Dodge: Dodged            |    98 |    33 ||   131
